Flames vs Sharks (R1)

Created - 27 mars 2016 at 21:34

Goals
1 2 3 OT1 SO T
Flames 1 3 1 0 1 6
Sharks 1 2 2 0 0 5
Shots
1 2 3 OT1 SO T
Flames 11 13 7 0 3 31
Sharks 10 15 15 0 3 40

1st period

1. Sharks , Jason Allison 20 (T.J. Hensick, Mike Green) at 11:04
2. Flames , Eric Staal 43 (Alexander Semin) at 13:40 (PP)

Penalties :
Marcel Goc (Cal) for Cross-checking (Minor) at 1:00, Kevin Shattenkirk (SJS) for Hooking (Minor) at 7:36, Kim Johnsson (SJS) for Hooking (Minor) at 13:37, Michal Rozsival (SJS) for Holding Stick (Minor) at 14:41, Antoine Vermette (SJS) for High sticking (Minor) at 17:59

2nd period

3. Flames , Eric Staal 44 (Alexander Semin, Tomas Kaberle) at 1:11
4. Sharks , Alexander Radulov 13 (Tuomo Ruutu) at 9:47
5. Flames , Tomas Kaberle 6 (Colin Wilson, Pekka Rinne) at 11:02
6. Sharks , Antoine Vermette 23 (Brad Boyes, Mike Green) at 13:10
7. Flames , David Backes 35 (Alexander Semin, Eric Staal) at 19:51

Penalties :
Mike Green (SJS) for Hooking (Minor) at 1:27, Patrik Berglund (Cal) for Roughing (Minor) at 7:35, Derek Boogaard (SJS) for Holding (Minor) at 14:00

3rd period

8. Sharks , T.J. Hensick 3 (Steve McCarthy, Mike Brodeur) at 7:01
9. Flames , Steve Eminger 3 (Jordin Tootoo, Alexander Semin) at 14:55
10. Sharks , Derek Boogaard 24 (Brad Boyes, Robyn Regehr) at 19:24

Penalties :
T.J. Hensick (SJS) for Hooking (Minor) at 8:38, Jordin Tootoo (Cal) for Hooking (Minor) at 12:49

Overtime #1

No Goal

Penalties :
No Penalty

Shootout

Penalty Shot by Eric Staal for Flames - Goal!
Penalty Shot by Patrick O'Sullivan for Sharks - Stopped by Pekka Rinne
Penalty Shot by Alexander Semin for Flames - Shot Misses the Net
Penalty Shot by Antoine Vermette for Sharks - Shot Misses the Net
Penalty Shot by David Backes for Flames - Stopped by Mike Brodeur
Penalty Shot by Brad Boyes for Sharks - Stopped by Pekka Rinne

Penalties :
No Penalty

Goalie Stats

Pekka Rinne (Cal), 35 saves from 40 shots - (0,875), W, 29-22-3, 65:00 minutes
Mike Brodeur (SJS), 26 saves from 31 shots - (0,839), OTL, 18-16-8, 64:30 minutes

Players Stats for Flames

Player Name              G  A  P  +/- PIM S  H  SB GA TA FO     MP     PP MP  PK MP  
------------------------------------------------------------------------------------
Alexander Semin          0  4  4   0  0   3  1  1  1  2  1/6    25:08   6:29   1:30 
Brad Marchand            0  0  0  -1  0   1  1  0  0  0  0/0     7:57   0:00   0:00 
Colin Wilson             0  1  1  -2  0   0  3  0  0  1  1/1     7:55   0:00   0:56 
Craig Adams              0  0  0  -1  0   1  2  1  0  0  0/0     6:32   0:00   0:00 
David Backes             1  0  1  -1  0   6  1  1  0  1  0/0    25:41   6:29   3:30 
Eric Staal               2  1  3   0  0   4  2  1  0  0  23/37  26:13   6:29   2:36 
Erik Johnson             0  0  0   2  0   1  2  3  0  0  0/0    24:58   7:01   2:33 
Filip Kuba               0  0  0  -2  0   2  2  2  1  1  0/0    28:06   7:01   0:00 
Joe Corvo                0  0  0  -2  0   0  0  3  1  1  0/0    15:53   4:56   0:00 
Jordin Tootoo            0  1  1   0  2   2  0  1  1  0  1/1    14:42   0:00   0:57 
Marcel Goc               0  0  0   0  2   4  0  0  1  0  5/19   16:08   0:00   2:22 
Mark Bell                0  0  0   0  0   1  4  0  0  0  1/2    13:26   0:00   0:00 
Milan Hejduk             0  0  0   1  0   1  1  0  0  0  0/1    13:21   5:28   0:00 
Patrik Berglund          0  0  0   0  2   0  0  0  0  0  3/3    13:36   5:28   0:03 
Ron Hainsey              0  0  0  -1  0   0  2  0  1  0  0/0    13:31   0:00   3:24 
Steve Eminger            1  0  1  -1  0   2  5  2  0  1  0/0    24:40   0:00   3:24 
Steve Regier             0  0  0   1  0   1  2  1  0  0  0/0    13:21   5:28   0:00 
Tomas Kaberle            1  1  2   2  0   2  1  2  2  1  0/0    22:52   4:56   2:33 

Players Stats for Sharks

Player Name              G  A  P  +/- PIM S  H  SB GA TA FO     MP     PP MP  PK MP  
------------------------------------------------------------------------------------
Alexander Radulov        1  0  1   1  0   3  1  0  1  0  1/1    14:34   0:00   3:13 
Antoine Vermette         1  0  1   0  2   2  2  0  0  0  15/24  19:12   2:29   1:03 
Brad Boyes               0  2  2   2  0   3  3  1  1  1  3/6    21:03   3:28   3:53 
Daniel Alfredsson        0  0  0  -1  0   2  2  1  2  0  0/0    22:06   2:29   5:54 
Derek Boogaard           1  0  1   2  2   4  2  1  0  0  3/8    23:22   3:28   4:37 
Jason Allison            1  0  1   0  0   3  0  1  0  0  3/6    12:38   0:00   0:00 
Kevin Shattenkirk        0  0  0  -1  2   2  1  0  0  2  0/0    23:10   1:52   0:47 
Kim Johnsson             0  0  0   1  2   0  0  2  0  0  0/0    14:39   0:00   4:40 
Markus Naslund           0  0  0  -1  0   0  0  0  0  0  0/0     7:21   0:00   1:21 
Martin Erat              0  0  0  -1  0   0  0  0  0  0  0/0     5:19   0:00   0:00 
Michal Rozsival          0  0  0   0  2   1  1  1  0  1  0/0    20:53   4:05   0:03 
Mike Green               0  2  2  -1  2   4  1  2  3  0  0/0    31:09   4:05   5:56 
Patrick O'Sullivan       0  0  0   0  0   0  0  1  0  1  3/8     9:18   3:28   0:00 
Robyn Regehr             0  1  1   2  0   1  1  2  0  0  0/0    17:08   0:00   7:14 
Saku Koivu               0  0  0   1  0   6  0  1  0  1  7/17   11:47   0:00   0:00 
Steve McCarthy           0  1  1   1  0   2  1  0  0  1  0/0    23:47   1:52   5:14 
T.J. Hensick             1  1  2  -1  2   6  2  0  1  0  0/0    15:12   2:29   0:00 
Tuomo Ruutu              0  1  1   1  0   1  0  1  0  1  0/0    15:18   0:00   3:53 

3 Stars

1 - Eric Staal (Cal)
2 - Tomas Kaberle (Cal)
3 - Alexander Semin (Cal)

Power Play

Flames - 1 on 7 Attempt(s) - 14,29%
Sharks - 0 on 3 Attempt(s) - 0,00%

Penalty Kill

Flames - 3 on 3 Attempt(s) - 100,00% - Score 0 goal in Penalty Kill
Sharks - 6 on 7 Attempt(s) - 85,71% - Score 0 goal in Penalty Kill

Team Stat

Flames - Hits : 29 - Faceoff Wins : 35 - Blocked Shots : 18 - Penalty Minutes : 6
Sharks - Hits : 17 - Faceoff Wins : 35 - Blocked Shots : 14 - Penalty Minutes : 14

Official

Referees : Kozari Steve and Hebert Ghislain
Linesman : Brad Lazarowich and Jean Morin

Game Notes

No Game Note

Finance

Level 1 -- Attendance: 5044 (84,07%) -- Ticket Income 453 960 $
Level 2 -- Attendance: 3256 (65,12%) -- Ticket Income 195 360 $
Level 3 -- Attendance: 1208 (60,40%) -- Ticket Income 48 320 $
Level 4 -- Attendance: 4000 (100,00%) -- Ticket Income 80 000 $
Luxury Box -- Attendance: 725 (72,50%) -- Ticket Income 130 500 $
Game was played at the Hockey Place Center.
Total Attendance: 14233 (79,07%)
Total Ticket Income: 908 140 $
Other Income: 136 221 $
Total Income: 1 044 361 $

Flames

5 vs 5 Forward 
   Center                   Left Wing                Right Wing               Time % Phy DF OF 
 1 Eric Staal               Alexander Semin          David Backes             39     1   2  2  
 2 Marcel Goc               Mark Bell                Jordin Tootoo            30     1   2  2  
 3 Patrik Berglund          Steve Regier             Milan Hejduk             21     1   2  2  
 4 Colin Wilson             Brad Marchand            Craig Adams              10     1   2  2  

5 vs 5 Defense 
   Defense                  Defense                                           Time % Phy DF OF 
 1 Filip Kuba               Steve Eminger                                     40     1   2  2  
 2 Tomas Kaberle            Erik Johnson                                      30     1   2  2  
 3 Ron Hainsey              Joe Corvo                                         20     1   2  2  
 4 Filip Kuba               Steve Eminger                                     10     1   2  2  

PowerPlay Forward 
   Center                   Left Wing                Right Wing               Time % Phy DF OF 
 1 Eric Staal               Alexander Semin          David Backes             60     1   2  2  
 2 Patrik Berglund          Steve Regier             Milan Hejduk             40     1   2  2  

PowerPlay Defense
   Defense                  Defense                                           Time % Phy DF OF 
 1 Filip Kuba               Erik Johnson                                      60     1   2  2  
 2 Tomas Kaberle            Joe Corvo                                         40     1   2  2  

Penalty Kill 4 Players Forward 
   Center                   Wing                     Time % Phy DF OF 
 1 Marcel Goc               David Backes             60     1   3  1  
 2 Eric Staal               Jordin Tootoo            40     1   3  1  

Penalty Kill 4 Players Defense
   Defense                  Defense                  Time % Phy DF OF 
 1 Ron Hainsey              Steve Eminger            60     1   3  1  
 2 Tomas Kaberle            Erik Johnson             40     1   3  1  

Penalty Kill - 3 Players Forward 
   Forward                                           Time % Phy DF OF 
 1 Eric Staal                                        60     1   4  0  
 2 David Backes                                      40     1   4  0  

Penalty Kill - 3 Players Defense
   Defense                  Defense                  Time % Phy DF OF 
 1 Ron Hainsey              Steve Eminger            60     1   4  0  
 2 Tomas Kaberle            Erik Johnson             40     1   4  0  

4 vs 4 Forward 
   Center                   Wing                     Time % Phy DF OF 
 1 Eric Staal               Alexander Semin          60     1   2  2  
 2 Marcel Goc               David Backes             40     1   2  2  

4 vs 4 Defense
   Defense                  Defense                  Time % Phy DF OF 
 1 Filip Kuba               Steve Eminger            60     1   2  2  
 2 Tomas Kaberle            Erik Johnson             40     1   2  2  

Last Minutes Offensive
   Center                   Left Wing                Right Wing               Defense                  Defense                  
   Eric Staal               Alexander Semin          David Backes             Filip Kuba               Steve Eminger            

Last Minutes Defensive
   Center                   Left Wing                Right Wing               Defense                  Defense                  
   Eric Staal               Alexander Semin          David Backes             Filip Kuba               Steve Eminger            

Goaltenders
Starting : Pekka Rinne              
Backup : Craig Anderson           

Extra Forwards
Normal : Alexander Semin, Jordin Tootoo, Mark Bell - PP : Milan Hejduk, Brad Marchand - PK : David Backes
Extra Defensemen
Normal : Erik Johnson, Joe Corvo, Tomas Kaberle - PP : Filip Kuba - PK : Erik Johnson, Ron Hainsey
Penalty Shots
Eric Staal, Alexander Semin, David Backes, Patrik Berglund, Mark Bell

Sharks

5 vs 5 Forward 
   Center                   Left Wing                Right Wing               Time % Phy DF OF 
 1 Antoine Vermette         Derek Boogaard           Brad Boyes               40     1   1  3  
 2 Jason Allison            T.J. Hensick             Daniel Alfredsson        30     1   2  2  
 3 Saku Koivu               Tuomo Ruutu              Alexander Radulov        20     1   2  2  
 4 Patrick O'Sullivan       Markus Naslund           Martin Erat              10     1   2  2  

5 vs 5 Defense 
   Defense                  Defense                                           Time % Phy DF OF 
 1 Mike Green               Kevin Shattenkirk                                 40     1   2  2  
 2 Steve McCarthy           Michal Rozsival                                   30     1   2  2  
 3 Kim Johnsson             Robyn Regehr                                      20     1   2  2  
 4 Mike Green               Michal Rozsival                                   10     1   2  2  

PowerPlay Forward 
   Center                   Left Wing                Right Wing               Time % Phy DF OF 
 1 Patrick O'Sullivan       Derek Boogaard           Brad Boyes               60     1   1  3  
 2 Antoine Vermette         T.J. Hensick             Daniel Alfredsson        40     1   1  3  

PowerPlay Defense
   Defense                  Defense                                           Time % Phy DF OF 
 1 Mike Green               Michal Rozsival                                   60     1   1  3  
 2 Steve McCarthy           Kevin Shattenkirk                                 40     1   1  3  

Penalty Kill 4 Players Forward 
   Center                   Wing                     Time % Phy DF OF 
 1 Derek Boogaard           Daniel Alfredsson        60     1   4  0  
 2 Brad Boyes               Tuomo Ruutu              40     1   4  0  

Penalty Kill 4 Players Defense
   Defense                  Defense                  Time % Phy DF OF 
 1 Mike Green               Robyn Regehr             60     1   4  0  
 2 Steve McCarthy           Kim Johnsson             40     1   4  0  

Penalty Kill - 3 Players Forward 
   Forward                                           Time % Phy DF OF 
 1 Daniel Alfredsson                                 60     1   4  0  
 2 Tuomo Ruutu                                       40     1   4  0  

Penalty Kill - 3 Players Defense
   Defense                  Defense                  Time % Phy DF OF 
 1 Mike Green               Robyn Regehr             60     1   4  0  
 2 Steve McCarthy           Kim Johnsson             40     1   4  0  

4 vs 4 Forward 
   Center                   Wing                     Time % Phy DF OF 
 1 Saku Koivu               Antoine Vermette         60     1   2  2  
 2 Brad Boyes               Jason Allison            40     1   2  2  

4 vs 4 Defense
   Defense                  Defense                  Time % Phy DF OF 
 1 Mike Green               Michal Rozsival          60     1   2  2  
 2 Steve McCarthy           Kevin Shattenkirk        40     1   2  2  

Last Minutes Offensive
   Center                   Left Wing                Right Wing               Defense                  Defense                  
   Patrick O'Sullivan       Derek Boogaard           Brad Boyes               Mike Green               Kevin Shattenkirk        

Last Minutes Defensive
   Center                   Left Wing                Right Wing               Defense                  Defense                  
   Saku Koivu               Derek Boogaard           Brad Boyes               Mike Green               Michal Rozsival          

Goaltenders
Starting : Mike Brodeur             
Backup : Dan Ellis                

Extra Forwards
Normal : T.J. Hensick, Tuomo Ruutu, Alexander Radulov - PP : T.J. Hensick, Tuomo Ruutu - PK : Alexander Radulov
Extra Defensemen
Normal : Kevin Shattenkirk, Robyn Regehr, Steve McCarthy - PP : Kevin Shattenkirk - PK : Robyn Regehr, Steve McCarthy
Penalty Shots
Patrick O'Sullivan, Antoine Vermette, Brad Boyes, Jason Allison, Derek Boogaard

% Time on Ice - Flames

Lines # - Real PCT - Wanted PCT - Time Play
Normal Forward
1 - 36% - 39% - 15:04
2 - 30% - 30% - 12:27
3 - 19% - 21% - 7:49
4 - 16% - 10% - 6:32
Normal Defense
1 - 44% - 40% - 18:33
2 - 32% - 30% - 13:21
3 - 21% - 20% - 8:54
4 - 3% - 10% - 1:04
PP Forward
1 - 54% - 60% - 6:29
2 - 46% - 40% - 5:28
PP Defense
1 - 59% - 60% - 7:01
2 - 41% - 40% - 4:56
PK Forward
1 - 77% - 60% - 4:35
2 - 23% - 40% - 1:22
PK Defense
1 - 57% - 60% - 3:24
2 - 43% - 40% - 2:33
PK3 Forward
1 - 0% - 60%
2 - 0% - 40%
PK3 Defense
1 - 0% - 60%
2 - 0% - 40%
44 Forward
1 - 90% - 60% - 4:29
2 - 10% - 40% - 0:31
44 Defense
1 - 67% - 60% - 3:22
2 - 33% - 40% - 1:38
Last Minute Offensive  - 0:00
Last Minute Defensive  - 0:14
Total
Forward - 65:00
Defense - 65:00

% Time on Ice - Sharks

Lines # - Real PCT - Wanted PCT - Time Play
Normal Forward
1 - 35% - 40% - 14:35
2 - 28% - 30% - 11:36
3 - 24% - 20% - 9:56
4 - 13% - 10% - 5:19
Normal Defense
1 - 45% - 40% - 18:28
2 - 32% - 30% - 13:06
3 - 19% - 20% - 8:03
4 - 4% - 10% - 1:49
PP Forward
1 - 58% - 60% - 3:28
2 - 42% - 40% - 2:29
PP Defense
1 - 69% - 60% - 4:05
2 - 31% - 40% - 1:52
PK Forward
1 - 68% - 60% - 8:04
2 - 32% - 40% - 3:53
PK Defense
1 - 62% - 60% - 7:25
2 - 38% - 40% - 4:32
PK3 Forward
1 - 0% - 60%
2 - 0% - 40%
PK3 Defense
1 - 0% - 60%
2 - 0% - 40%
44 Forward
1 - 75% - 60% - 3:45
2 - 25% - 40% - 1:15
44 Defense
1 - 56% - 60% - 2:48
2 - 44% - 40% - 2:12
Last Minute Offensive  - 0:40
Last Minute Defensive  - 0:00
Total
Forward - 65:00
Defense - 65:00

Play by Play

1st period


0:01 of 1st period - Eric Staal wins face-off versus Antoine Vermette in neutral zone.
0:14 of 1st period - Snap shot by David Backes.
0:14 of 1st period - Stopped by Mike Brodeur with a rebound.
0:26 of 1st period - Wrist shot by Saku Koivu.
0:26 of 1st period - Stopped by Pekka Rinne with a rebound.
0:48 of 1st period - Michal Rozsival is hit by Mark Bell and loses puck.
0:52 of 1st period - Icing by Michal Rozsival.
0:53 of 1st period - Jason Allison wins face-off versus Marcel Goc in Sharks zone.
0:53 of 1st period - Jason Allison is hit by Mark Bell.
1:00 of 1st period - Minor Penalty to Marcel Goc for Cross-checking.
1:01 of 1st period - Eric Staal wins face-off versus Patrick O'Sullivan in Flames zone.
1:30 of 1st period - Slapshot by Mike Green.
1:30 of 1st period - Deflect By Daniel Alfredsson.
1:30 of 1st period - Shot Misses the Net.
1:30 of 1st period - Puck is out of play.
1:31 of 1st period - Eric Staal wins face-off versus Brad Boyes in Flames zone.
1:42 of 1st period - Snap shot by Patrick O'Sullivan.
1:42 of 1st period - Shot Hit the Post.
1:44 of 1st period - Snap shot by Kevin Shattenkirk.
1:44 of 1st period - Shot Misses the Net.
1:46 of 1st period - Wrist shot by Derek Boogaard.
1:46 of 1st period - Shot Blocked by David Backes.
3:00 of 1st period - Penalty to Marcel Goc is over, Marcel Goc is back on ice.
4:30 of 1st period - Off-side.
4:31 of 1st period - Patrick O'Sullivan wins face-off versus Marcel Goc in neutral zone.
4:54 of 1st period - Brad Boyes is hit by Tomas Kaberle and loses puck.
4:59 of 1st period - Slapshot by Eric Staal.
4:59 of 1st period - Stopped by Mike Brodeur without a rebound.
5:00 of 1st period - Brad Boyes wins face-off versus Alexander Semin in Sharks zone.
5:26 of 1st period - Wrist shot by Jordin Tootoo.
5:26 of 1st period - Shot Blocked by Daniel Alfredsson.
5:28 of 1st period - Slapshot by Filip Kuba.
5:28 of 1st period - Shot Blocked by Jason Allison.
5:50 of 1st period - Snap shot by Alexander Radulov.
5:50 of 1st period - Stopped by Pekka Rinne with a rebound.
6:25 of 1st period - Slapshot by Brad Marchand.
6:25 of 1st period - Shot Misses the Net.
6:27 of 1st period - Wrist shot by Alexander Semin.
6:27 of 1st period - Stopped by Mike Brodeur without a rebound.
6:28 of 1st period - Eric Staal wins face-off versus Patrick O'Sullivan in Sharks zone.
6:43 of 1st period - Slapshot by David Backes.
6:43 of 1st period - Stopped by Mike Brodeur with a rebound.
7:14 of 1st period - Snap shot by Daniel Alfredsson.
7:14 of 1st period - Stopped by Pekka Rinne with a rebound.
7:20 of 1st period - Wrist shot by T.J. Hensick.
7:20 of 1st period - Stopped by Pekka Rinne without a rebound.
7:21 of 1st period - Eric Staal wins face-off versus Derek Boogaard in Flames zone.
7:25 of 1st period - Alexander Semin is hit by Brad Boyes.
7:29 of 1st period - Wrist shot by Eric Staal.
7:29 of 1st period - Shot Blocked by Mike Green.
7:31 of 1st period - Slapshot by David Backes.
7:31 of 1st period - Shot Misses the Net.
7:33 of 1st period - Slapshot by Filip Kuba.
7:33 of 1st period - Stopped by Mike Brodeur without a rebound.
7:34 of 1st period - Antoine Vermette wins face-off versus Eric Staal in Sharks zone.
7:36 of 1st period - Minor Penalty to Kevin Shattenkirk for Hooking.
7:37 of 1st period - Eric Staal wins face-off versus Derek Boogaard in Sharks zone.
9:36 of 1st period - Penalty to Kevin Shattenkirk is over, Kevin Shattenkirk is back on ice.
9:47 of 1st period - Snap shot by Craig Adams.
9:47 of 1st period - Shot Blocked by Kim Johnsson.
10:38 of 1st period - Snap shot by Derek Boogaard.
10:38 of 1st period - Shot Blocked by Tomas Kaberle.
10:40 of 1st period - Wrist shot by Brad Boyes.
10:40 of 1st period - Stopped by Pekka Rinne with a rebound.
10:44 of 1st period - Backhand shot by Mike Green.
10:44 of 1st period - Stopped by Pekka Rinne without a rebound.
10:45 of 1st period - Antoine Vermette wins face-off versus Marcel Goc in Flames zone.
10:50 of 1st period - Slapshot by Brad Boyes.
10:50 of 1st period - Shot Blocked by Filip Kuba.
11:04 of 1st period - Wrist shot by Jason Allison.
11:04 of 1st period - Goal by Jason Allison - Flames : 0 - Sharks : 1.
11:05 of 1st period - Eric Staal wins face-off versus Jason Allison in neutral zone.
11:17 of 1st period - Slapshot by T.J. Hensick.
11:17 of 1st period - Deflect By Steve Eminger.
11:17 of 1st period - Stopped by Pekka Rinne without a rebound.
11:18 of 1st period - Eric Staal wins face-off versus Jason Allison in Flames zone.
11:39 of 1st period - Mike Green is hit by Eric Staal and loses puck.
12:10 of 1st period - Snap shot by Alexander Semin.
12:10 of 1st period - Stopped by Mike Brodeur with a rebound.
12:26 of 1st period - Snap shot by Jason Allison.
12:26 of 1st period - Stopped by Pekka Rinne with a rebound.
12:28 of 1st period - Wrist shot by T.J. Hensick.
12:28 of 1st period - Stopped by Pekka Rinne without a rebound.
12:29 of 1st period - Marcel Goc wins face-off versus Antoine Vermette in Flames zone.
13:24 of 1st period - Robyn Regehr is hit by Craig Adams and loses puck.
13:37 of 1st period - Minor Penalty to Kim Johnsson for Hooking.
13:38 of 1st period - Eric Staal wins face-off versus Derek Boogaard in Sharks zone.
13:40 of 1st period - Snap shot by Alexander Semin.
13:40 of 1st period - Deflect By Eric Staal.
13:40 of 1st period - Goal by Eric Staal - Flames : 1 - Sharks : 1.
13:41 of 1st period - Antoine Vermette wins face-off versus Eric Staal in neutral zone.
14:16 of 1st period - Slapshot by Filip Kuba.
14:16 of 1st period - Shot Misses the Net.
14:18 of 1st period - Wrist shot by Milan Hejduk.
14:18 of 1st period - Stopped by Mike Brodeur without a rebound.
14:19 of 1st period - Saku Koivu wins face-off versus Mark Bell in Sharks zone.
14:29 of 1st period - Snap shot by Alexander Radulov.
14:29 of 1st period - Shot Blocked by Steve Eminger.
14:41 of 1st period - Minor Penalty to Michal Rozsival for Holding Stick.
14:42 of 1st period - Derek Boogaard wins face-off versus Eric Staal in Sharks zone.
14:55 of 1st period - Snap shot by Alexander Semin.
14:55 of 1st period - Stopped by Mike Brodeur with a rebound.
14:57 of 1st period - Slapshot by Erik Johnson.
14:57 of 1st period - Shot Blocked by Robyn Regehr.
15:14 of 1st period - Off-side.
15:15 of 1st period - Eric Staal wins face-off versus Brad Boyes in neutral zone.
16:41 of 1st period - Penalty to Michal Rozsival is over, Michal Rozsival is back on ice.
16:59 of 1st period - Snap shot by Marcel Goc.
16:59 of 1st period - Shot Misses the Net.
17:01 of 1st period - Slapshot by Steve Eminger.
17:01 of 1st period - Deflect By Michal Rozsival.
17:01 of 1st period - Stopped by Mike Brodeur without a rebound.
17:02 of 1st period - Jordin Tootoo wins face-off versus Saku Koivu in Sharks zone.
17:11 of 1st period - Wrist shot by Marcel Goc.
17:11 of 1st period - Stopped by Mike Brodeur with a rebound.
17:33 of 1st period - Snap shot by Patrick O'Sullivan.
17:33 of 1st period - Shot Misses the Net.
17:47 of 1st period - Alexander Semin is hit by Brad Boyes and loses puck.
17:59 of 1st period - Minor Penalty to Antoine Vermette for High sticking.
18:00 of 1st period - Eric Staal wins face-off versus Derek Boogaard in Sharks zone.
18:06 of 1st period - Wrist shot by Derek Boogaard.
18:06 of 1st period - Shot Misses the Net.
18:14 of 1st period - Derek Boogaard is hit by Eric Staal and loses puck.
19:17 of 1st period - Mike Green is hit by Alexander Semin and loses puck.
19:28 of 1st period - Daniel Alfredsson is hit by Steve Regier and loses puck.
19:57 of 1st period - Alexander Semin is hit by Steve McCarthy and loses puck.
19:59 of 1st period - Penalty to Antoine Vermette is over, Antoine Vermette is back on ice.
Goals for this period are 1 for Flames vs 1 for Sharks.
Shots for this period are 11 for Flames vs 10 for Sharks.

2nd period


0:01 of 2nd period - Alexander Semin wins face-off versus Antoine Vermette in neutral zone.
0:25 of 2nd period - Wrist shot by Alexander Radulov.
0:25 of 2nd period - Shot Misses the Net.
0:27 of 2nd period - Slapshot by Kim Johnsson.
0:27 of 2nd period - Shot Misses the Net.
0:49 of 2nd period - Icing by David Backes.
0:50 of 2nd period - Eric Staal wins face-off versus Patrick O'Sullivan in Flames zone.
1:05 of 2nd period - Wrist shot by David Backes.
1:05 of 2nd period - Shot Misses the Net.
1:07 of 2nd period - Snap shot by Tomas Kaberle.
1:07 of 2nd period - Shot Misses the Net.
1:09 of 2nd period - Snap shot by Alexander Semin.
1:09 of 2nd period - Shot Misses the Net.
1:11 of 2nd period - Backhand shot by Eric Staal.
1:11 of 2nd period - Goal by Eric Staal - Flames : 2 - Sharks : 1.
1:12 of 2nd period - Antoine Vermette wins face-off versus Marcel Goc in neutral zone.
1:20 of 2nd period - Slapshot by Jordin Tootoo.
1:20 of 2nd period - Shot Misses the Net.
1:22 of 2nd period - Slapshot by Erik Johnson.
1:22 of 2nd period - Stopped by Mike Brodeur with a rebound.
1:24 of 2nd period - Snap shot by Tomas Kaberle.
1:24 of 2nd period - Stopped by Mike Brodeur without a rebound.
1:25 of 2nd period - Antoine Vermette wins face-off versus Marcel Goc in Sharks zone.
1:27 of 2nd period - Minor Penalty to Mike Green for Hooking.
1:28 of 2nd period - Derek Boogaard wins face-off versus Eric Staal in Sharks zone.
1:28 of 2nd period - Derek Boogaard is hit by Filip Kuba.
3:27 of 2nd period - Penalty to Mike Green is over, Mike Green is back on ice.
3:31 of 2nd period - Wrist shot by Martin Erat.
3:31 of 2nd period - Shot Blocked by Jordin Tootoo.
3:33 of 2nd period - Slapshot by Mike Green.
3:33 of 2nd period - Stopped by Pekka Rinne with a rebound.
3:35 of 2nd period - Wrist shot by Michal Rozsival.
3:35 of 2nd period - Stopped by Pekka Rinne with a rebound.
4:11 of 2nd period - T.J. Hensick is hit by Mark Bell.
4:39 of 2nd period - Slapshot by Derek Boogaard.
4:39 of 2nd period - Shot Misses the Net.
4:41 of 2nd period - Snap shot by Alexander Radulov.
4:41 of 2nd period - Shot Blocked by Joe Corvo.
4:43 of 2nd period - Slapshot by Michal Rozsival.
4:43 of 2nd period - Deflect By Saku Koivu.
4:43 of 2nd period - Stopped by Pekka Rinne without a rebound.
4:44 of 2nd period - Colin Wilson wins face-off versus Saku Koivu in Flames zone.
5:20 of 2nd period - Off-side.
5:21 of 2nd period - Marcel Goc wins face-off versus Saku Koivu in neutral zone.
5:24 of 2nd period - Slapshot by Filip Kuba.
5:24 of 2nd period - Stopped by Mike Brodeur with a rebound.
6:08 of 2nd period - Milan Hejduk is hit by Daniel Alfredsson and loses puck.
6:29 of 2nd period - Snap shot by Brad Marchand.
6:29 of 2nd period - Stopped by Mike Brodeur with a rebound.
6:35 of 2nd period - Colin Wilson is hit by Alexander Radulov and loses puck.
6:56 of 2nd period - Snap shot by Marcel Goc.
6:56 of 2nd period - Shot Blocked by Michal Rozsival.
7:16 of 2nd period - Wrist shot by Eric Staal.
7:16 of 2nd period - Shot Misses the Net.
7:20 of 2nd period - Wrist shot by Eric Staal.
7:20 of 2nd period - Shot Misses the Net.
7:35 of 2nd period - Minor Penalty to Patrik Berglund for Roughing.
7:36 of 2nd period - Patrick O'Sullivan wins face-off versus Marcel Goc in Flames zone.
7:37 of 2nd period - Slapshot by Brad Boyes.
7:37 of 2nd period - Shot Misses the Net.
7:39 of 2nd period - Wrist shot by Michal Rozsival.
7:39 of 2nd period - Shot Blocked by Steve Eminger.
7:41 of 2nd period - Slapshot by Michal Rozsival.
7:41 of 2nd period - Deflect By Patrick O'Sullivan.
7:41 of 2nd period - Shot Misses the Net.
7:41 of 2nd period - Puck is out of play.
7:42 of 2nd period - Brad Boyes wins face-off versus Marcel Goc in Flames zone.
9:35 of 2nd period - Penalty to Patrik Berglund is over, Patrik Berglund is back on ice.
9:47 of 2nd period - Snap shot by Alexander Radulov.
9:47 of 2nd period - Goal by Alexander Radulov - Flames : 2 - Sharks : 2.
9:48 of 2nd period - Saku Koivu wins face-off versus Milan Hejduk in neutral zone.
10:35 of 2nd period - Robyn Regehr is hit by David Backes and loses puck.
11:02 of 2nd period - Slapshot by Tomas Kaberle.
11:02 of 2nd period - Goal by Tomas Kaberle - Flames : 3 - Sharks : 2.
11:03 of 2nd period - Antoine Vermette wins face-off versus Eric Staal in neutral zone.
11:08 of 2nd period - Kevin Shattenkirk is hit by Filip Kuba and loses puck.
12:28 of 2nd period - Wrist shot by David Backes.
12:28 of 2nd period - Shot Misses the Net.
12:42 of 2nd period - Snap shot by Jason Allison.
12:42 of 2nd period - Stopped by Pekka Rinne with a rebound.
12:44 of 2nd period - Snap shot by Daniel Alfredsson.
12:44 of 2nd period - Shot Blocked by Erik Johnson.
12:46 of 2nd period - Slapshot by Jason Allison.
12:46 of 2nd period - Shot Blocked by Erik Johnson.
12:48 of 2nd period - Snap shot by T.J. Hensick.
12:48 of 2nd period - Stopped by Pekka Rinne without a rebound.
12:49 of 2nd period - Antoine Vermette wins face-off versus Eric Staal in Flames zone.
12:50 of 2nd period - Wrist shot by Derek Boogaard.
12:50 of 2nd period - Stopped by Pekka Rinne with a rebound.
12:52 of 2nd period - Wrist shot by Brad Boyes.
12:52 of 2nd period - Stopped by Pekka Rinne without a rebound.
12:53 of 2nd period - Antoine Vermette wins face-off versus Eric Staal in Flames zone.
12:54 of 2nd period - Snap shot by Derek Boogaard.
12:54 of 2nd period - Stopped by Pekka Rinne without a rebound.
12:55 of 2nd period - Eric Staal wins face-off versus Antoine Vermette in Flames zone.
13:00 of 2nd period - Snap shot by Eric Staal.
13:00 of 2nd period - Shot Blocked by Brad Boyes.
13:08 of 2nd period - Slapshot by Brad Boyes.
13:08 of 2nd period - Stopped by Pekka Rinne with a rebound.
13:10 of 2nd period - Snap shot by Antoine Vermette.
13:10 of 2nd period - Goal by Antoine Vermette - Flames : 3 - Sharks : 3.
13:11 of 2nd period - Eric Staal wins face-off versus Antoine Vermette in neutral zone.
13:16 of 2nd period - Slapshot by David Backes.
13:16 of 2nd period - Stopped by Mike Brodeur without a rebound.
13:17 of 2nd period - Eric Staal wins face-off versus Brad Boyes in Sharks zone.
13:48 of 2nd period - Slapshot by Marcel Goc.
13:48 of 2nd period - Stopped by Mike Brodeur without a rebound.
13:49 of 2nd period - Marcel Goc wins face-off versus Antoine Vermette in Sharks zone.
13:54 of 2nd period - Snap shot by Jordin Tootoo.
13:54 of 2nd period - Stopped by Mike Brodeur without a rebound.
13:55 of 2nd period - Eric Staal wins face-off versus Antoine Vermette in Sharks zone.
13:56 of 2nd period - Snap shot by David Backes.
13:56 of 2nd period - Stopped by Mike Brodeur without a rebound.
13:57 of 2nd period - Antoine Vermette wins face-off versus Eric Staal in Sharks zone.
13:57 of 2nd period - Antoine Vermette is hit by Steve Eminger.
14:00 of 2nd period - Minor Penalty to Derek Boogaard for Holding.
14:01 of 2nd period - Alexander Radulov wins face-off versus Eric Staal in Sharks zone.
14:35 of 2nd period - Slapshot by Steve Regier.
14:35 of 2nd period - Stopped by Mike Brodeur with a rebound.
14:37 of 2nd period - Wrist shot by Milan Hejduk.
14:37 of 2nd period - Shot Misses the Net.
15:03 of 2nd period - Slapshot by Mike Green.
15:03 of 2nd period - Stopped by Pekka Rinne with a rebound.
16:00 of 2nd period - Penalty to Derek Boogaard is over, Derek Boogaard is back on ice.
16:08 of 2nd period - Daniel Alfredsson is hit by Steve Eminger.
16:21 of 2nd period - Brad Marchand is hit by Derek Boogaard and loses puck.
16:28 of 2nd period - Ron Hainsey is hit by Daniel Alfredsson and loses puck.
16:47 of 2nd period - Daniel Alfredsson is hit by Colin Wilson.
16:56 of 2nd period - Kim Johnsson is hit by Colin Wilson and loses puck.
17:05 of 2nd period - Wrist shot by Brad Marchand.
17:05 of 2nd period - Shot Blocked by Kim Johnsson.
17:20 of 2nd period - Steve McCarthy is hit by Colin Wilson and loses puck.
17:49 of 2nd period - Derek Boogaard is hit by Brad Marchand and loses puck.
18:02 of 2nd period - Wrist shot by Craig Adams.
18:02 of 2nd period - Stopped by Mike Brodeur without a rebound.
18:03 of 2nd period - Saku Koivu wins face-off versus Eric Staal in Sharks zone.
18:12 of 2nd period - Snap shot by Saku Koivu.
18:12 of 2nd period - Stopped by Pekka Rinne without a rebound.
18:13 of 2nd period - Saku Koivu wins face-off versus Alexander Semin in Flames zone.
18:18 of 2nd period - Snap shot by Tuomo Ruutu.
18:18 of 2nd period - Shot Misses the Net.
18:20 of 2nd period - Snap shot by Tuomo Ruutu.
18:20 of 2nd period - Stopped by Pekka Rinne without a rebound.
18:21 of 2nd period - Eric Staal wins face-off versus Saku Koivu in Flames zone.
18:32 of 2nd period - Snap shot by Saku Koivu.
18:32 of 2nd period - Stopped by Pekka Rinne without a rebound.
18:33 of 2nd period - Eric Staal wins face-off versus Saku Koivu in Flames zone.
19:11 of 2nd period - Backhand shot by Kevin Shattenkirk.
19:11 of 2nd period - Shot Misses the Net.
19:49 of 2nd period - Snap shot by Alexander Semin.
19:49 of 2nd period - Shot Blocked by Patrick O'Sullivan.
19:51 of 2nd period - Wrist shot by David Backes.
19:51 of 2nd period - Goal by David Backes - Flames : 4 - Sharks : 3.
19:52 of 2nd period - Eric Staal wins face-off versus Saku Koivu in neutral zone.
Goals for this period are 3 for Flames vs 2 for Sharks.
Shots for this period are 13 for Flames vs 15 for Sharks.

3rd period


0:01 of 3rd period - Jason Allison wins face-off versus Alexander Semin in neutral zone.
0:08 of 3rd period - Wrist shot by T.J. Hensick.
0:08 of 3rd period - Shot Blocked by Alexander Semin.
0:26 of 3rd period - Marcel Goc is hit by Antoine Vermette and loses puck.
0:51 of 3rd period - Steve McCarthy is hit by Steve Regier and loses puck.
1:06 of 3rd period - Patrick O'Sullivan is hit by Erik Johnson and loses puck.
1:23 of 3rd period - Wrist shot by Marcel Goc.
1:23 of 3rd period - Stopped by Mike Brodeur with a rebound.
1:30 of 3rd period - Off-side.
1:31 of 3rd period - Eric Staal wins face-off versus Jason Allison in neutral zone.
1:42 of 3rd period - Snap shot by Eric Staal.
1:42 of 3rd period - Shot Blocked by Mike Green.
1:44 of 3rd period - Slapshot by Steve Eminger.
1:44 of 3rd period - Shot Misses the Net.
1:46 of 3rd period - Snap shot by David Backes.
1:46 of 3rd period - Stopped by Mike Brodeur without a rebound.
1:47 of 3rd period - Mark Bell wins face-off versus Antoine Vermette in Sharks zone.
2:12 of 3rd period - Alexander Semin is hit by T.J. Hensick and loses puck.
2:31 of 3rd period - Slapshot by Kevin Shattenkirk.
2:31 of 3rd period - Shot Misses the Net.
2:33 of 3rd period - Snap shot by Saku Koivu.
2:33 of 3rd period - Shot Misses the Net.
2:35 of 3rd period - Snap shot by Saku Koivu.
2:35 of 3rd period - Stopped by Pekka Rinne without a rebound.
2:36 of 3rd period - Marcel Goc wins face-off versus Saku Koivu in Flames zone.
2:51 of 3rd period - Slapshot by Steve Eminger.
2:51 of 3rd period - Shot Blocked by Saku Koivu.
3:01 of 3rd period - David Backes is hit by Derek Boogaard and loses puck.
3:10 of 3rd period - Snap shot by Eric Staal.
3:10 of 3rd period - Shot Misses the Net.
3:29 of 3rd period - Slapshot by Steve McCarthy.
3:29 of 3rd period - Stopped by Pekka Rinne with a rebound.
3:31 of 3rd period - Slapshot by Daniel Alfredsson.
3:31 of 3rd period - Shot Misses the Net.
3:33 of 3rd period - Wrist shot by Steve McCarthy.
3:33 of 3rd period - Stopped by Pekka Rinne without a rebound.
3:34 of 3rd period - Antoine Vermette wins face-off versus Eric Staal in Flames zone.
3:45 of 3rd period - Snap shot by Eric Staal.
3:45 of 3rd period - Stopped by Mike Brodeur with a rebound.
4:12 of 3rd period - Wrist shot by T.J. Hensick.
4:12 of 3rd period - Stopped by Pekka Rinne without a rebound.
4:13 of 3rd period - Patrik Berglund wins face-off versus Saku Koivu in Flames zone.
5:06 of 3rd period - Snap shot by Mark Bell.
5:06 of 3rd period - Stopped by Mike Brodeur with a rebound.
5:18 of 3rd period - Jason Allison is hit by Erik Johnson and loses puck.
5:29 of 3rd period - Snap shot by Kevin Shattenkirk.
5:29 of 3rd period - Shot Misses the Net.
5:39 of 3rd period - Wrist shot by Jason Allison.
5:39 of 3rd period - Deflect By T.J. Hensick.
5:39 of 3rd period - Shot Blocked by Tomas Kaberle.
5:39 of 3rd period - Puck is out of play.
5:40 of 3rd period - Eric Staal wins face-off versus Antoine Vermette in Flames zone.
5:52 of 3rd period - Wrist shot by Alexander Semin.
5:52 of 3rd period - Deflect By Eric Staal.
5:52 of 3rd period - Shot Blocked by Derek Boogaard.
5:52 of 3rd period - Puck is out of play.
5:53 of 3rd period - Antoine Vermette wins face-off versus Eric Staal in Sharks zone.
5:58 of 3rd period - Alexander Semin is hit by Mike Green and loses puck.
6:07 of 3rd period - Wrist shot by Brad Boyes.
6:07 of 3rd period - Shot Blocked by Eric Staal.
6:09 of 3rd period - Slapshot by Brad Boyes.
6:09 of 3rd period - Shot Misses the Net.
6:19 of 3rd period - Kevin Shattenkirk is hit by Steve Eminger and loses puck.
6:42 of 3rd period - T.J. Hensick is hit by Steve Eminger and loses puck.
7:01 of 3rd period - Wrist shot by T.J. Hensick.
7:01 of 3rd period - Goal by T.J. Hensick - Flames : 4 - Sharks : 4.
7:02 of 3rd period - Antoine Vermette wins face-off versus Eric Staal in neutral zone.
7:05 of 3rd period - Wrist shot by Kevin Shattenkirk.
7:05 of 3rd period - Stopped by Pekka Rinne with a rebound.
7:07 of 3rd period - Wrist shot by Brad Boyes.
7:07 of 3rd period - Shot Misses the Net.
7:09 of 3rd period - Slapshot by Mike Green.
7:09 of 3rd period - Stopped by Pekka Rinne with a rebound.
7:11 of 3rd period - Snap shot by Kevin Shattenkirk.
7:11 of 3rd period - Stopped by Pekka Rinne without a rebound.
7:12 of 3rd period - Antoine Vermette wins face-off versus Eric Staal in Flames zone.
7:47 of 3rd period - Snap shot by Antoine Vermette.
7:47 of 3rd period - Shot Blocked by Joe Corvo.
7:49 of 3rd period - Wrist shot by Antoine Vermette.
7:49 of 3rd period - Stopped by Pekka Rinne without a rebound.
7:50 of 3rd period - Jason Allison wins face-off versus Marcel Goc in Flames zone.
7:55 of 3rd period - Snap shot by Daniel Alfredsson.
7:55 of 3rd period - Stopped by Pekka Rinne with a rebound.
8:09 of 3rd period - Daniel Alfredsson is hit by Steve Eminger and loses puck.
8:22 of 3rd period - Filip Kuba is hit by Michal Rozsival and loses puck.
8:38 of 3rd period - Minor Penalty to T.J. Hensick for Hooking.
8:39 of 3rd period - Derek Boogaard wins face-off versus Alexander Semin in Sharks zone.
8:43 of 3rd period - Wrist shot by Robyn Regehr.
8:43 of 3rd period - Stopped by Pekka Rinne with a rebound.
9:24 of 3rd period - Wrist shot by Steve Regier.
9:24 of 3rd period - Shot Blocked by Tuomo Ruutu.
9:37 of 3rd period - Icing by Eric Staal.
9:38 of 3rd period - Patrik Berglund wins face-off versus Derek Boogaard in Flames zone.
9:49 of 3rd period - Alexander Radulov is hit by Milan Hejduk and loses puck.
10:38 of 3rd period - Penalty to T.J. Hensick is over, T.J. Hensick is back on ice.
10:49 of 3rd period - Snap shot by Marcel Goc.
10:49 of 3rd period - Stopped by Mike Brodeur with a rebound.
10:51 of 3rd period - Slapshot by Joe Corvo.
10:51 of 3rd period - Shot Blocked by Robyn Regehr.
11:37 of 3rd period - Kevin Shattenkirk is hit by Ron Hainsey and loses puck.
11:50 of 3rd period - Snap shot by Tuomo Ruutu.
11:50 of 3rd period - Shot Misses the Net.
11:52 of 3rd period - Snap shot by Saku Koivu.
11:52 of 3rd period - Stopped by Pekka Rinne without a rebound.
11:53 of 3rd period - Saku Koivu wins face-off versus Marcel Goc in Flames zone.
12:06 of 3rd period - Slapshot by Alexander Radulov.
12:06 of 3rd period - Stopped by Pekka Rinne without a rebound.
12:07 of 3rd period - Antoine Vermette wins face-off versus Alexander Semin in Flames zone.
12:39 of 3rd period - Snap shot by Jason Allison.
12:39 of 3rd period - Shot Blocked by Filip Kuba.
12:49 of 3rd period - Minor Penalty to Jordin Tootoo for Hooking.
12:50 of 3rd period - Marcel Goc wins face-off versus Patrick O'Sullivan in Flames zone.
13:05 of 3rd period - Slapshot by Mike Green.
13:05 of 3rd period - Shot Misses the Net.
13:12 of 3rd period - Icing by Brad Boyes.
13:13 of 3rd period - Patrick O'Sullivan wins face-off versus Marcel Goc in Sharks zone.
13:26 of 3rd period - Wrist shot by Mike Green.
13:26 of 3rd period - Deflect By Patrick O'Sullivan.
13:26 of 3rd period - Shot Misses the Net.
13:26 of 3rd period - Puck is out of play.
13:27 of 3rd period - Antoine Vermette wins face-off versus Marcel Goc in Flames zone.
14:00 of 3rd period - Slapshot by Michal Rozsival.
14:00 of 3rd period - Shot Misses the Net.
14:42 of 3rd period - Ron Hainsey is hit by Antoine Vermette.
14:46 of 3rd period - Daniel Alfredsson is hit by Ron Hainsey and loses puck.
14:49 of 3rd period - Penalty to Jordin Tootoo is over, Jordin Tootoo is back on ice.
14:51 of 3rd period - Slapshot by Alexander Semin.
14:51 of 3rd period - Shot Misses the Net.
14:53 of 3rd period - Wrist shot by Jordin Tootoo.
14:53 of 3rd period - Stopped by Mike Brodeur with a rebound.
14:55 of 3rd period - Slapshot by Steve Eminger.
14:55 of 3rd period - Goal by Steve Eminger - Flames : 5 - Sharks : 4.
14:56 of 3rd period - Brad Boyes wins face-off versus Marcel Goc in neutral zone.
15:31 of 3rd period - Snap shot by Tuomo Ruutu.
15:31 of 3rd period - Shot Blocked by Steve Regier.
16:11 of 3rd period - Wrist shot by Daniel Alfredsson.
16:11 of 3rd period - Shot Misses the Net.
16:13 of 3rd period - Snap shot by T.J. Hensick.
16:13 of 3rd period - Shot Blocked by Craig Adams.
17:58 of 3rd period - David Backes is hit by T.J. Hensick and loses puck.
18:16 of 3rd period - Tuomo Ruutu is hit by Craig Adams and loses puck.
18:36 of 3rd period - Robyn Regehr is hit by Mark Bell.
18:40 of 3rd period - Marcel Goc is hit by Robyn Regehr.
18:54 of 3rd period - Sharks, Mike Brodeur is pulled from the net.
18:54 of 3rd period - Wrist shot by Derek Boogaard.
18:54 of 3rd period - Shot Misses the Net.
18:56 of 3rd period - Snap shot by Derek Boogaard.
18:56 of 3rd period - Stopped by Pekka Rinne with a rebound.
19:08 of 3rd period - Snap shot by Brad Boyes.
19:08 of 3rd period - Shot Misses the Net.
19:10 of 3rd period - Snap shot by Patrick O'Sullivan.
19:10 of 3rd period - Deflect By Milan Hejduk.
19:10 of 3rd period - Shot Misses the Net.
19:10 of 3rd period - Puck is out of play.
19:11 of 3rd period - Ted Nolan call a timeout for Sharks.
19:11 of 3rd period - Eric Staal wins face-off versus Patrick O'Sullivan in Flames zone.
19:24 of 3rd period - Snap shot by Derek Boogaard.
19:24 of 3rd period - Goal by Derek Boogaard - Flames : 5 - Sharks : 5.
19:24 of 3rd period - Mike Brodeur from Sharks was sent back in the game.
19:25 of 3rd period - Patrik Berglund wins face-off versus Saku Koivu in neutral zone.
19:43 of 3rd period - Icing by Kevin Shattenkirk.
19:44 of 3rd period - Saku Koivu wins face-off versus Marcel Goc in Sharks zone.
19:52 of 3rd period - Icing by Erik Johnson.
19:53 of 3rd period - Saku Koivu wins face-off versus Marcel Goc in Flames zone.
Goals for this period are 1 for Flames vs 2 for Sharks.
Shots for this period are 7 for Flames vs 15 for Sharks.

Overtime #1


0:01 of 1st overtime period - Eric Staal wins face-off versus Saku Koivu in neutral zone.
1:26 of 1st overtime period - Wrist shot by T.J. Hensick.
1:26 of 1st overtime period - Shot Misses the Net.
1:28 of 1st overtime period - Wrist shot by T.J. Hensick.
1:28 of 1st overtime period - Shot Hit the Post.
2:37 of 1st overtime period - Marcel Goc is hit by Brad Boyes and loses puck.
3:06 of 1st overtime period - Slapshot by Mike Green.
3:06 of 1st overtime period - Shot Blocked by Erik Johnson.
3:08 of 1st overtime period - Slapshot by Derek Boogaard.
3:08 of 1st overtime period - Shot Blocked by Joe Corvo.
3:38 of 1st overtime period - Eric Staal is hit by Kevin Shattenkirk and loses puck.
4:23 of 1st overtime period - Wrist shot by Alexander Radulov.
4:23 of 1st overtime period - Shot Misses the Net.
Goals for this period are 0 for Flames vs 0 for Sharks.
Shots for this period are 0 for Flames vs 0 for Sharks.

ShootOut


5:00 of 1st overtime period - Penalty Shot by Eric Staal for Flames.
5:00 of 1st overtime period - Snap shot by Eric Staal.
5:00 of 1st overtime period - Goal by Eric Staal.
5:00 of 1st overtime period - Penalty Shot by Patrick O'Sullivan for Sharks.
5:00 of 1st overtime period - Backhand shot by Patrick O'Sullivan.
5:00 of 1st overtime period - Stopped by Pekka Rinne.
5:00 of 1st overtime period - Penalty Shot by Alexander Semin for Flames.
5:00 of 1st overtime period - Wrist shot by Alexander Semin.
5:00 of 1st overtime period - Shot Misses the Net.
5:00 of 1st overtime period - Penalty Shot by Antoine Vermette for Sharks.
5:00 of 1st overtime period - Snap shot by Antoine Vermette.
5:00 of 1st overtime period - Shot Misses the Net.
5:00 of 1st overtime period - Penalty Shot by David Backes for Flames.
5:00 of 1st overtime period - Wrist shot by David Backes.
5:00 of 1st overtime period - Stopped by Mike Brodeur.
5:00 of 1st overtime period - Penalty Shot by Brad Boyes for Sharks.
5:00 of 1st overtime period - Backhand shot by Brad Boyes.
5:00 of 1st overtime period - Stopped by Pekka Rinne.